 Dungeon Crawl Stone Soup version 0.29-a0-542-g075992c915 (webtiles) character file.

Game seed: 18366183107167042292

89 BearFiend the Changer (level 4, -3/38 HPs)
             Began as a Draconian Transmuter on June 4, 2022.
             Was a Believer of Ru.
             Splashed by a jelly's acid (9 damage)
             ... on level 4 of the Dungeon.
             The game lasted 00:18:46 (2871 turns).

BearFiend the Changer (Draconian Transmuter)        Turns: 2871, Time: 00:18:46

Health: -3/38      AC: -3    Str: 13    XL:     4   Next: 31%
Magic:  6/7        EV: 12    Int: 15    God:    Ru [**....]
Gold:   200        SH:  0    Dex: 11    Spells: 4/7 levels left

rFire   . . .      SeeInvis .     - Unarmed
rCold   . . .      Faith    .   (no shield)
rNeg    . . .      Spirit   .   (body armour unavailable)
rPois   .          Reflect  .   (helmet currently unavailable)
rElec   .          Harm     .   (no cloak)
rCorr   .          Rampage  .   (no gloves)
Will    .....                   (boots currently unavailable)
Stlth   +.........              (no amulet)
HPRegen 0.12/turn               (no ring)
MPRegen 0.10/turn               (no ring)

@: appendages, corroded
A: horns 2, talons 2, AC +5, unfitting armour, cold-blooded, inability to use
devices
a: End Transformation, Renounce Religion


You were on level 4 of the Dungeon.
You worshipped Ru.
Ru was pleased with you.
You had temporarily grown beastly horns and talons.
You visited 1 branch of the dungeon, and saw 6 of its levels.

You collected 200 gold pieces.

Inventory:

Missiles
 k - a throwing net
 p - 4 poisoned darts
Armour
 h - a +0 pair of boots (melded)
Scrolls
 b - 2 scrolls of fear {unknown}
 c - 2 scrolls of teleportation {unknown}
 e - a scroll of blinking {unknown}
 f - a scroll of amnesia {unknown}
 g - 2 scrolls of poison {unknown}
 i - 4 scrolls of identify {unknown}
 j - a scroll of fog {unknown}
 o - a scroll of noise {unknown}
 r - 2 scrolls of magic mapping {unknown}
 u - 2 scrolls of enchant armour {unknown}
Potions
 a - a potion of lignification
 d - a potion of haste {unknown}
 l - a potion of brilliance {unknown}
 m - a potion of cancellation {unknown}
 n - a potion of attraction {unknown}
 q - 2 potions of resistance {unknown}
 s - a potion of heal wounds {unknown}
 t - a potion of curing {unknown}


   Skills:
 + Level 3.3 Fighting
 - Level 1.7 Dodging
 - Level 3.0 Unarmed Combat
 - Level 2.0 Spellcasting
 + Level 3.5 Transmutations


You had 4 spell levels left.
You knew the following spells:

 Your Spells              Type           Power      Damage    Failure   Level
a - Beastly Appendage     Tmut           24%        N/A       5%          1
w - Wereblood             Tmut           12%        N/A       8%          2

Your spell library contained the following spells:

 Spells                   Type           Power      Damage    Failure   Level
 Poisonous Vapours        Pois/Air       2%         N/A       32%         2
 Spider Form              Tmut/Pois      6%         N/A       32%         3
 Ignite Poison            Fire/Tmut/Pois 5%         N/A       38%         3
 Mephitic Cloud           Conj/Pois/Air  1%         N/A       54%         3
 Ice Form                 Ice/Tmut       6%         N/A       71%         4
 Corpse Rot               Necr/Pois/Air  1%         N/A       91%         4
 Freezing Cloud           Conj/Ice/Air   0%         6-21      99%         5


Dungeon Overview and Level Annotations

Branches:
Dungeon (6/15)
 Temple: D:4-7

Altars:
Nemelex Xobeh
Ru
Trog
Vehumet


Innate Abilities, Weirdness & Mutations

You have temporarily grown beastly horns and talons.
Your plain brown scales are hard. (AC +5)
You cannot fit into any form of body armour.
You are cold-blooded and may be slowed by cold attacks.
You cannot study or use magical devices.


Message History

The hobgoblin hits you but does no damage.
You barely miss the hobgoblin. You claw the hobgoblin.
The hobgoblin is heavily wounded.
The hobgoblin closely misses you.
You closely miss the hobgoblin. You tail-slap the hobgoblin.
You kill the hobgoblin!
The jelly quivers.
You extend your transformation's duration.
You hit the jelly.
Your hands burn!
You claw the jelly. You punch the jelly.
The jelly is heavily wounded.
The jelly hits you but does no damage.
You hit the jelly but do no damage. The acid corrodes you!
Your hands burn!
You claw the jelly.
The jelly is heavily wounded.
The jelly hits you.
You are splashed with acid!
You hit the jelly but do no damage.
Your hands burn!
* * * LOW HITPOINT WARNING * * *
You tail-slap the jelly.
The jelly is severely wounded.
The jelly is stunned by your conviction and fails to attack.
You hit the jelly but do no damage. The acid corrodes you!
Your hands burn!
* * * LOW HITPOINT WARNING * * *
You headbutt the jelly, but do no damage.
You tail-slap the jelly.
The jelly is severely wounded.
The jelly misses you.
You hit the jelly but do no damage.
Your hands burn!
* * * LOW HITPOINT WARNING * * *
You claw the jelly, but do no damage. You headbutt the jelly.
You tail-slap the jelly, but do no damage.
The jelly is almost dead.
The jelly misses you.
You hit the jelly but do no damage.
Your hands burn!
* * * LOW HITPOINT WARNING * * *
You claw the jelly, but do no damage. You headbutt the jelly.
The jelly is almost dead.
The jelly hits you.
* * * LOW HITPOINT WARNING * * *
You are splashed with acid!
You die...

#... #.#.# ###
###.########.#.# #...
###....#.....#.#.#
#...###(###.............
.....#...#....)......#†#
#...$......#.........#..
.....................'..
###.#.#J.#..#........#..
# #@.#..#####.....#.
#..#..# #.......
#....###..# #.....##
....... #..# #######
#...... ..# ##..### ....
##. #


You could see a jelly.

Vanquished Creatures
  A gnoll (D:1)
  An adder (D:2)
  A dart slug (D:2)
  2 orcs
  7 bats
  8 endoplasms
  5 goblins
  7 hobgoblins
  5 quokkas
  11 ball pythons
  6 frilled lizards
  2 kobolds
  5 rats
61 creatures vanquished.

Vanquished Creatures (others)
  3 plants (D:2)
3 creatures vanquished.

Grand Total: 64 creatures vanquished

Notes
Turn   | Place    | Note
-------+----------+-------------------------------------------
     0 | D:1      | BearFiend the Draconian Transmuter began the quest for the
                  | Orb.
     0 | D:1      | Reached XP level 1. HP: 16/16 MP: 3/3
   417 | D:1      | Reached XP level 2. HP: 24/24 MP: 3/5
   602 | D:1      | Reached XP level 3. HP: 29/30 MP: 4/6
  1442 | D:2      | Learned a level 2 spell: Wereblood
  1707 | D:2      | Reached XP level 4. HP: 37/38 MP: 7/7
  2109 | D:2      | Found a faded altar of an unknown god.
  2118 | D:2      | Prayed at the altar of an unknown god.
  2118 | D:2      | Became a worshipper of Ru the Awakened
  2139 | D:2      | Gained mutation: You cannot study or use magical devices.
                  | [Ru sacrifice]
  2139 | D:2      | Reached * piety under Ru
  2139 | D:2      | Reached ** piety under Ru
  2575 | D:3      | Found a bloodstained altar of Trog.
  2681 | D:3      | Found a sparkling altar of Nemelex Xobeh.
  2718 | D:3      | Found a sacrificial altar of Ru.
  2753 | D:3      | Found a radiant altar of Vehumet.
  2756 | D:3      | You fall into a shaft and drop 3 floors!
  2769 | D:5      | Entered Level 5 of the Dungeon
  2793 | D:5      | Noticed an ogre
  2871 | D:4      | Splashed by a jelly's acid

Illustrated notes

Levels and vault maps discovered:
D:1:      minmay_arrival_shoal_huts, layout_rooms, chequers_garden
D:2:      minmay_chambers_of_twos, layout_loops_corners, serial_forest,
          infiniplex_forest_pool, infiniplex_forest_clump_curved,
          infiniplex_forest_end_3, infiniplex_forest_lined_corner,
          infiniplex_forest_3_way, infiniplex_forest_clump_long,
          infiniplex_forest_end_double, infiniplex_forest_clump_small,
          dreamdust_ecumenical_altar_angels_and_demons, st_stairs_11,
          serial_park_tiny_1
D:3:      layout_basic, trog_butcher_becter,
          mainiacjoe_overflow_surrounded_room,
          mainiacjoe_overflow_concentric_impassable, lemuel_doored_altar
D:4:      layout_basic, mainiacjoe_overflow_catch_the_wave, minmay_between,
          uniq_grinder, uniq_menkaure, uniq_natasha
D:5:      layout_loops_corners, minmay_temple_entry_offerings
D:6:      layout_basic, nicolae_qazlal_eye_of_the_storm

Skill      XL: |  1  2  3 |
---------------+----------+-----
Fighting       | 2 3 |  3.3
Transmutations | 3 |  3.5
Dodging        | |  1.7
Unarmed Combat | |  3.0
Spellcasting   | |  2.0

Action                   |  1- 3 |  4- 6 || total
-------------------------+-------+-------++-------
Melee: Unarmed           |   121 |    41 ||   162
       Tailslap          |    13 |     6 ||    19
       Headbutt          |    14 |     5 ||    19
       Kick              |    13 |    14 ||    27
       Punch             |     1 |     2 ||     3
 Cast: Beastly Appendage |    24 |    15 ||    39
Invok: Sacrifice Artific |       |     1 ||     1
 Stab: Sleeping          |       |     1 ||     1
Armor: Skin              |    34 |     5 ||    39
Dodge: Dodged            |    83 |    24 ||   107

Table legend: (Time is in decaauts)
 A = Elapsed time spent in this place.
 B = Non-inter-level travel time spent in this place.
 C = Inter-level travel time spent in this place.
 D = Time resting spent in this place.
 E = Time spent auto-exploring this place.
 F = Levels seen in this place.
 G = Mean time per level.
                   A        B        C        D        E       F      G
               +--------+--------+--------+--------+--------+-----+--------+
         Total |   2865 |   2801 |     64 |    397 |   1907 |   6 |  477.5 |
       Dungeon |   2865 |   2801 |     64 |    397 |   1907 |   6 |  477.5 |
               +--------+--------+--------+--------+--------+-----+--------+

Top non-repeatable levels by time:
     D:2: 1532 daAuts
     D:1: 853 daAuts
     D:3: 366 daAuts
     D:4: 72 daAuts
     D:5: 28 daAuts
     D:6: 12 daAuts
